Arizona Coyotes vs San Jose Sharks
Created - Sunday, February 2, 2025 at 09:39
Goals
|
| Arizona Coyotes |
0 |
1 |
3 |
4 |
| San Jose Sharks |
2 |
1 |
2 |
5 |
|
Shots
|
| Arizona Coyotes |
12 |
16 |
15 |
43 |
| San Jose Sharks |
7 |
16 |
11 |
34 |
|
1st period
1. San Jose Sharks , Jack Roslovic 1 (Eeli Tolvanen 1, Sean Durzi 1) at 4:20
2. San Jose Sharks , Connor Murphy 1 (Sean Durzi 2, Anthony Mantha 1) at 9:17 (PP)
Penalties :
Anthony Mantha (SJS) for Tripping (Minor) at 4:42, Radko Gudas (AZC) for High sticking (Minor) at 8:41, Marcus Pettersson (SJS) for Hooking (Minor) at 10:19
2nd period
3. San Jose Sharks , Adam Henrique 1 (Sean Durzi 3, Kevin Fiala 1) at 3:36 (PP)
4. Arizona Coyotes , Ryan Donato 2 (Jared Spurgeon 1, Brandon Tanev 2) at 9:22 (PP)
Penalties :
Charlie Coyle (AZC) for Tripping (Minor) at 2:15, Adam Henrique (SJS) for High sticking (Minor) at 8:00, Nick Seeler (AZC) for Interference (Minor) at 17:18
3rd period
5. Arizona Coyotes , Ryan Donato 3 (Nick Seeler 1) at 6:17
6. Arizona Coyotes , Mats Zuccarello 1 (Charlie Coyle 2) at 6:28
7. San Jose Sharks , Adam Henrique 2 (Yegor Sharangovich 1, Kevin Fiala 2) at 7:46
8. San Jose Sharks , Adam Henrique 3 (Kevin Fiala 3, Yegor Sharangovich 2) at 9:33
9. Arizona Coyotes , Tyler Seguin 2 (Charlie Coyle 3, Jani Hakanpaa 1) at 19:29
Penalties :
Jack Roslovic (SJS) for Holding (Minor) at 1:43, Tyler Bertuzzi (AZC) for Tripping (Minor) at 17:12
Goalie Stats
Petr Mrazek (AZC), 12 saves from 15 shots - (0.800), 23:36 minutes
Elvis Merzlikins (AZC), 17 saves from 19 shots - (0.895), L, 0-1-0, 35:57 minutes
Logan Thompson (SJS), 39 saves from 43 shots - (0.907), W, 1-0-0, 60:00 minutes
Players Stats for Arizona Coyotes
Player Name G A P +/- PIM S H SB GA TA FO MP PP MP PK MP
------------------------------------------------------------------------------------
Brandon Tanev 0 1 1 0 0 0 1 1 1 0 0/0 17:33 3:45 0:00
Brayden McNabb 0 0 0 1 0 2 0 4 0 0 0/0 22:00 3:26 3:08
Charlie Coyle 0 2 2 0 2 1 0 0 0 0 14/32 20:56 3:34 2:02
Erik Haula 0 0 0 0 0 3 0 0 1 0 8/10 11:22 0:00 0:00
Jani Hakanpaa 0 1 1 0 0 1 2 2 0 0 0/0 26:12 3:53 2:47
Jared Spurgeon 0 1 1 0 0 1 1 5 0 0 0/0 26:12 3:53 2:47
Kiefer Sherwood 0 0 0 0 0 0 0 0 1 0 0/3 6:15 0:00 0:00
Mark Jankowski 0 0 0 0 0 0 0 0 0 0 0/0 6:15 0:00 0:00
Mason McTavish 0 0 0 0 0 9 3 0 3 0 10/26 20:58 3:45 3:25
Mats Zuccarello 1 0 1 -1 0 3 1 0 3 0 1/2 21:44 3:34 3:07
Matt Dumba 0 0 0 -1 0 0 2 1 0 1 0/0 11:48 0:00 0:00
Nick Seeler 0 1 1 -1 2 0 1 0 0 2 0/0 11:47 0:00 0:00
Ondrej Palat 0 0 0 0 0 0 2 0 0 0 0/0 6:15 0:00 0:00
Radko Gudas 0 0 0 1 2 3 4 2 0 0 0/0 21:59 3:26 3:08
Ross Colton 0 0 0 0 0 2 0 0 0 0 0/1 11:50 0:00 0:28
Ryan Donato 2 0 2 0 0 8 0 0 0 1 0/0 17:33 3:45 0:00
Tyler Bertuzzi 0 0 0 1 2 7 1 0 1 0 0/0 11:39 0:00 0:00
Tyler Seguin 1 0 1 0 0 3 1 0 0 0 0/1 21:43 3:34 2:48
Players Stats for San Jose Sharks
Player Name G A P +/- PIM S H SB GA TA FO MP PP MP PK MP
------------------------------------------------------------------------------------
Adam Henrique 3 0 3 1 2 4 3 1 0 0 12/23 20:18 2:47 2:58
Anthony Mantha 0 1 1 0 2 3 2 0 0 1 0/1 19:37 3:08 2:25
Christian Dvorak 0 0 0 0 0 2 1 0 1 0 17/23 15:48 0:00 1:43
Christopher Tanev 0 0 0 0 0 0 2 3 0 1 0/0 26:35 2:46 3:38
Connor Murphy 1 0 1 0 0 2 2 0 0 3 0/0 21:35 3:09 3:41
Dmitry Orlov 0 0 0 0 0 0 2 0 0 1 0/0 12:12 0:00 0:22
Eeli Tolvanen 0 1 1 0 0 2 1 0 1 0 0/0 6:23 0:00 0:00
Jack Roslovic 1 0 1 0 2 1 0 0 0 0 0/0 6:22 0:00 0:00
Jonathan Drouin 0 0 0 0 0 1 0 1 0 0 2/5 18:02 0:00 3:27
Kevin Fiala 0 3 3 1 0 4 2 0 0 0 0/1 16:51 2:47 0:00
Marcus Pettersson 0 0 0 0 2 0 2 1 0 0 0/0 25:35 2:46 2:39
Matthew Knies 0 0 0 -1 0 0 2 0 1 0 0/1 15:22 3:08 0:30
Max Domi 0 0 0 -1 0 1 1 0 0 1 8/16 14:52 3:08 0:00
Nick Perbix 0 0 0 0 0 3 2 0 0 0 0/0 12:27 0:00 0:37
Ryan Poehling 0 0 0 0 0 0 0 0 0 0 2/2 6:23 0:00 0:00
Sean Durzi 0 3 3 0 0 2 2 2 0 2 0/0 21:35 3:09 3:41
T.J. Oshie 0 0 0 -1 0 5 1 0 0 0 0/0 11:44 0:00 0:00
Yegor Sharangovich 0 2 2 1 0 4 1 0 1 1 1/3 20:56 2:47 3:35
3 Stars
1 - Adam Henrique (SJS)
2 - Kevin Fiala (SJS)
3 - Sean Durzi (SJS)
Power Play
Arizona Coyotes - 1 on 4 Attempt(s) - 25.00%
San Jose Sharks - 2 on 4 Attempt(s) - 50.00%
Penalty Kill
Arizona Coyotes - 2 on 4 Attempt(s) - 50.00%
- Score 0 goal in Penalty Kill
San Jose Sharks - 3 on 4 Attempt(s) - 75.00%
- Score 0 goal in Penalty Kill
Team Stat
Arizona Coyotes - Hits : 19 - Faceoff Wins : 33 - Blocked Shots : 15 - Penalty Minutes : 8
San Jose Sharks - Hits : 26 - Faceoff Wins : 42 - Blocked Shots : 8 - Penalty Minutes : 8
Official
Referees : Chris Lee and Peter Macdougall
Linesman : Steve Barton and Shandor Alphonso
Game Notes
Elvis Merzlikins enters game at 3:36 of 2nd period
Adam Henrique has scored a Hat Trick!
Finance
Level 1 -- Attendance: 4713 (78.55%) -- Ticket Income $457,161
Level 2 -- Attendance: 4522 (90.44%) -- Ticket Income $257,754
Level 3 -- Attendance: 3000 (100.00%) -- Ticket Income $99,000
Level 4 -- Attendance: 4776 (95.52%) -- Ticket Income $105,072
Luxury Box -- Attendance: 966 (96.60%) -- Ticket Income $186,438
Game was played at the SAP Center at San Jose.
Total Attendance: 17977 (89.89%)
Total Ticket Income: $1,105,425
Other Income: $386,899
Total Income: $1,492,324
Arizona Coyotes
5 vs 5 Forward
Center Left Wing Right Wing Time % Phy DF OF
1 Charlie Coyle Mats Zuccarello Tyler Seguin 33 1 2 2
2 Mason McTavish Ryan Donato Brandon Tanev 32 1 2 2
3 Erik Haula Ross Colton Tyler Bertuzzi 25 1 2 2
4 Kiefer Sherwood Mark Jankowski Ondrej Palat 10 1 2 2
5 vs 5 Defense
Defense Defense Time % Phy DF OF
1 Jared Spurgeon Jani Hakanpaa 33 1 2 2
2 Radko Gudas Brayden McNabb 32 1 2 2
3 Matt Dumba Nick Seeler 25 1 2 2
4 Jared Spurgeon Jani Hakanpaa 10 1 2 2
PowerPlay Forward
Center Left Wing Right Wing Time % Phy DF OF
1 Charlie Coyle Mats Zuccarello Tyler Seguin 50 0 1 4
2 Mason McTavish Ryan Donato Brandon Tanev 50 0 1 4
PowerPlay Defense
Defense Defense Time % Phy DF OF
1 Jared Spurgeon Jani Hakanpaa 50 1 2 2
2 Radko Gudas Brayden McNabb 50 1 2 2
Penalty Kill 4 Players Forward
Center Wing Time % Phy DF OF
1 Charlie Coyle Tyler Seguin 50 1 3 1
2 Mats Zuccarello Mason McTavish 50 1 3 1
Penalty Kill 4 Players Defense
Defense Defense Time % Phy DF OF
1 Jared Spurgeon Jani Hakanpaa 50 1 3 1
2 Radko Gudas Brayden McNabb 50 1 3 1
Penalty Kill - 3 Players Forward
Forward Time % Phy DF OF
1 Erik Haula 50 1 3 1
2 Mark Jankowski 50 1 3 1
Penalty Kill - 3 Players Defense
Defense Defense Time % Phy DF OF
1 Nick Seeler Matt Dumba 55 1 4 0
2 Radko Gudas Brayden McNabb 45 1 4 0
4 vs 4 Forward
Center Wing Time % Phy DF OF
1 Charlie Coyle Tyler Seguin 50 1 2 2
2 Mats Zuccarello Mason McTavish 50 1 2 2
4 vs 4 Defense
Defense Defense Time % Phy DF OF
1 Jared Spurgeon Jani Hakanpaa 50 1 2 2
2 Radko Gudas Brayden McNabb 50 1 2 2
Last Minutes Offensive
Center Left Wing Right Wing Defense Defense
Charlie Coyle Mats Zuccarello Tyler Seguin Jared Spurgeon Jani Hakanpaa
Last Minutes Defensive
Center Left Wing Right Wing Defense Defense
Charlie Coyle Mats Zuccarello Tyler Seguin Jared Spurgeon Jani Hakanpaa
Goaltenders
Starting : Petr Mrazek
Backup : Elvis Merzlikins
Extra Forwards
Normal : Mark Jankowski, Erik Haula, Ross Colton - PP : Mark Jankowski, Erik Haula - PK : Ross Colton
Extra Defensemen
Normal : Matt Dumba, Nick Seeler, Radko Gudas - PP : Matt Dumba - PK : Nick Seeler, Radko Gudas
Penalty Shots
Charlie Coyle, Tyler Seguin, Mats Zuccarello, Mason McTavish, Ryan Donato
Scratches
Jayden Struble (Healthy), Anthony Deangelo (Healthy), Corson Ceulemans (Healthy)
San Jose Sharks
5 vs 5 Forward
Center Left Wing Right Wing Time % Phy DF OF
1 Adam Henrique Yegor Sharangovich Kevin Fiala 30 1 2 2
2 Christian Dvorak Anthony Mantha Jonathan Drouin 30 1 2 2
3 Max Domi Matthew Knies T.J. Oshie 25 1 2 2
4 Ryan Poehling Eeli Tolvanen Jack Roslovic 15 1 2 2
5 vs 5 Defense
Defense Defense Time % Phy DF OF
1 Marcus Pettersson Christopher Tanev 30 1 2 2
2 Connor Murphy Sean Durzi 30 1 2 2
3 Dmitry Orlov Nick Perbix 25 1 2 2
4 Marcus Pettersson Christopher Tanev 15 1 2 2
PowerPlay Forward
Center Left Wing Right Wing Time % Phy DF OF
1 Adam Henrique Kevin Fiala Yegor Sharangovich 50 1 2 2
2 Max Domi Anthony Mantha Matthew Knies 50 1 2 2
PowerPlay Defense
Defense Defense Time % Phy DF OF
1 Marcus Pettersson Christopher Tanev 50 1 2 2
2 Connor Murphy Sean Durzi 50 1 2 2
Penalty Kill 4 Players Forward
Center Wing Time % Phy DF OF
1 Adam Henrique Yegor Sharangovich 50 1 2 2
2 Jonathan Drouin Anthony Mantha 50 1 2 2
Penalty Kill 4 Players Defense
Defense Defense Time % Phy DF OF
1 Marcus Pettersson Christopher Tanev 50 1 2 2
2 Connor Murphy Sean Durzi 50 1 2 2
Penalty Kill - 3 Players Forward
Forward Time % Phy DF OF
1 Adam Henrique 50 1 2 2
2 Yegor Sharangovich 50 1 2 2
Penalty Kill - 3 Players Defense
Defense Defense Time % Phy DF OF
1 Marcus Pettersson Christopher Tanev 50 1 2 2
2 Connor Murphy Sean Durzi 50 1 2 2
4 vs 4 Forward
Center Wing Time % Phy DF OF
1 Adam Henrique Yegor Sharangovich 50 1 2 2
2 Jonathan Drouin Anthony Mantha 50 1 2 2
4 vs 4 Defense
Defense Defense Time % Phy DF OF
1 Marcus Pettersson Christopher Tanev 50 1 2 2
2 Connor Murphy Sean Durzi 50 1 2 2
Last Minutes Offensive
Center Left Wing Right Wing Defense Defense
Adam Henrique Yegor Sharangovich Jonathan Drouin Marcus Pettersson Christopher Tanev
Last Minutes Defensive
Center Left Wing Right Wing Defense Defense
Adam Henrique Yegor Sharangovich Jonathan Drouin Marcus Pettersson Christopher Tanev
Goaltenders
Starting : Logan Thompson
Backup : Tristan Jarry
Extra Forwards
Normal : Eeli Tolvanen, Jack Roslovic, Christian Dvorak - PP : Eeli Tolvanen, Jack Roslovic - PK : Christian Dvorak
Extra Defensemen
Normal : Dmitry Orlov, Nick Perbix, Connor Murphy - PP : Dmitry Orlov - PK : Nick Perbix, Connor Murphy
Penalty Shots
Adam Henrique, Yegor Sharangovich, Jonathan Drouin, Anthony Mantha, T.J. Oshie
Scratches
Ilya Mikheyev (Healthy), Kasperi Kapanen (Healthy), Mike Hoffman (Healthy), Calle Jarnkrok (Healthy), Clay Stevenson (Healthy)
% Time on Ice - Arizona Coyotes
Lines # - Real PCT - Wanted PCT - Time Play
Normal Forward
1 - 32% - 33% - 14:51
2 - 30% - 32% - 13:48
3 - 25% - 25% - 11:22
4 - 14% - 10% - 6:15
Normal Defense
1 - 35% - 33% - 16:22
2 - 33% - 32% - 15:26
3 - 26% - 25% - 11:48
4 - 6% - 10% - 2:40
PP Forward
1 - 49% - 50% - 3:34
2 - 51% - 50% - 3:45
PP Defense
1 - 53% - 50% - 3:53
2 - 47% - 50% - 3:26
PK Forward
1 - 47% - 50% - 2:48
2 - 53% - 50% - 3:07
PK Defense
1 - 47% - 50% - 2:47
2 - 53% - 50% - 3:08
PK3 Forward
1 - 0% - 50%
2 - 0% - 50%
PK3 Defense
1 - 0% - 55%
2 - 0% - 45%
44 Forward
1 - 0% - 50%
2 - 0% - 50%
44 Defense
1 - 0% - 50%
2 - 0% - 50%
Last Minute Offensive - 0:30
Last Minute Defensive - 0:00
Total
Forward - 60:00
Defense - 60:00
|
% Time on Ice - San Jose Sharks
Lines # - Real PCT - Wanted PCT - Time Play
Normal Forward
1 - 30% - 30% - 14:04
2 - 30% - 30% - 14:05
3 - 25% - 25% - 11:44
4 - 14% - 15% - 6:23
Normal Defense
1 - 31% - 30% - 14:07
2 - 32% - 30% - 14:45
3 - 26% - 25% - 11:50
4 - 12% - 15% - 5:34
PP Forward
1 - 47% - 50% - 2:47
2 - 53% - 50% - 3:08
PP Defense
1 - 47% - 50% - 2:46
2 - 53% - 50% - 3:09
PK Forward
1 - 49% - 50% - 3:36
2 - 51% - 50% - 3:43
PK Defense
1 - 50% - 50% - 3:38
2 - 50% - 50% - 3:41
PK3 Forward
1 - 0% - 50%
2 - 0% - 50%
PK3 Defense
1 - 0% - 50%
2 - 0% - 50%
44 Forward
1 - 0% - 50%
2 - 0% - 50%
44 Defense
1 - 0% - 50%
2 - 0% - 50%
Last Minute Offensive - 0:00
Last Minute Defensive - 0:30
Total
Forward - 60:00
Defense - 60:00
|
Play-by-Play
1st period
0:01 of 1st period - Adam Henrique wins face-off versus Charlie Coyle in neutral zone.
1:14 of 1st period - Brayden McNabb is hit by Eeli Tolvanen and loses puck.
2:25 of 1st period - Ross Colton is hit by Anthony Mantha and loses puck.
2:48 of 1st period - Snap shot by Ross Colton.
2:48 of 1st period - Stopped by Logan Thompson with a rebound.
2:50 of 1st period - Slapshot by Jani Hakanpaa.
2:50 of 1st period - Shot Hit the Post.
2:52 of 1st period - Wrist shot by Erik Haula.
2:52 of 1st period - Stopped by Logan Thompson with a rebound.
2:54 of 1st period - Slapshot by Jani Hakanpaa.
2:54 of 1st period - Shot Blocked by Adam Henrique.
2:56 of 1st period - Snap shot by Tyler Bertuzzi.
2:56 of 1st period - Stopped by Logan Thompson with a rebound.
2:58 of 1st period - Slapshot by Jani Hakanpaa.
2:58 of 1st period - Stopped by Logan Thompson without a rebound.
2:59 of 1st period - Ryan Poehling wins face-off versus Charlie Coyle in San Jose Sharks zone.
3:06 of 1st period - Snap shot by Eeli Tolvanen.
3:06 of 1st period - Stopped by Petr Mrazek with a rebound.
3:08 of 1st period - Wrist shot by Ryan Poehling.
3:08 of 1st period - Shot Blocked by Brayden McNabb.
3:37 of 1st period - Nick Perbix is hit by Jared Spurgeon and loses puck.
4:00 of 1st period - Snap shot by Kevin Fiala.
4:00 of 1st period - Stopped by Petr Mrazek with a rebound.
4:02 of 1st period - Slapshot by Connor Murphy.
4:02 of 1st period - Shot Blocked by Jared Spurgeon.
4:20 of 1st period - Snap shot by Jack Roslovic.
4:20 of 1st period - Goal by Jack Roslovic - Arizona Coyotes : 0 - San Jose Sharks : 1.
4:21 of 1st period - Mason McTavish wins face-off versus Christian Dvorak in neutral zone.
4:42 of 1st period - Minor Penalty to Anthony Mantha for Tripping.
4:43 of 1st period - Adam Henrique wins face-off versus Mason McTavish in San Jose Sharks zone.
4:51 of 1st period - Off-side.
4:52 of 1st period - Mason McTavish wins face-off versus Jonathan Drouin in neutral zone.
5:05 of 1st period - Brandon Tanev is hit by Marcus Pettersson and loses puck.
6:42 of 1st period - Penalty to Anthony Mantha is over, Anthony Mantha is back on ice.
6:46 of 1st period - Snap shot by Anthony Mantha.
6:46 of 1st period - Stopped by Petr Mrazek without a rebound.
6:47 of 1st period - Erik Haula wins face-off versus Max Domi in Arizona Coyotes zone.
6:47 of 1st period - Erik Haula is hit by T.J. Oshie.
6:57 of 1st period - Slapshot by Ross Colton.
6:57 of 1st period - Stopped by Logan Thompson with a rebound.
6:59 of 1st period - Slapshot by Radko Gudas.
6:59 of 1st period - Stopped by Logan Thompson without a rebound.
7:00 of 1st period - Max Domi wins face-off versus Kiefer Sherwood in San Jose Sharks zone.
7:08 of 1st period - Off-side.
7:09 of 1st period - Max Domi wins face-off versus Kiefer Sherwood in neutral zone.
7:16 of 1st period - Connor Murphy is hit by Nick Seeler and loses puck.
7:25 of 1st period - Slapshot by Matthew Knies.
7:25 of 1st period - Shot Misses the Net.
7:27 of 1st period - Slapshot by Sean Durzi.
7:27 of 1st period - Shot Blocked by Matt Dumba.
7:33 of 1st period - Wrist shot by T.J. Oshie.
7:33 of 1st period - Stopped by Petr Mrazek with a rebound.
7:48 of 1st period - Off-side.
7:49 of 1st period - Adam Henrique wins face-off versus Mason McTavish in neutral zone.
8:03 of 1st period - Off-side.
8:04 of 1st period - Christian Dvorak wins face-off versus Mason McTavish in neutral zone.
8:19 of 1st period - Slapshot by Mason McTavish.
8:19 of 1st period - Stopped by Logan Thompson without a rebound.
8:20 of 1st period - Charlie Coyle wins face-off versus Adam Henrique in San Jose Sharks zone.
8:21 of 1st period - Snap shot by Mats Zuccarello.
8:21 of 1st period - Shot Hit the Post.
8:29 of 1st period - Wrist shot by Kevin Fiala.
8:29 of 1st period - Shot Misses the Net.
8:41 of 1st period - Minor Penalty to Radko Gudas for High sticking.
8:42 of 1st period - Charlie Coyle wins face-off versus Adam Henrique in Arizona Coyotes zone.
9:13 of 1st period - Slapshot by Anthony Mantha.
9:13 of 1st period - Shot Blocked by Jani Hakanpaa.
9:15 of 1st period - Snap shot by Sean Durzi.
9:15 of 1st period - Stopped by Petr Mrazek with a rebound.
9:17 of 1st period - Slapshot by Connor Murphy.
9:17 of 1st period - Goal by Connor Murphy - Arizona Coyotes : 0 - San Jose Sharks : 2.
9:18 of 1st period - Mason McTavish wins face-off versus Christian Dvorak in neutral zone.
9:34 of 1st period - Wrist shot by Ryan Donato.
9:34 of 1st period - Deflect By Mason McTavish.
9:34 of 1st period - Shot Misses the Net.
9:34 of 1st period - Puck is out of play.
9:35 of 1st period - Erik Haula wins face-off versus Adam Henrique in San Jose Sharks zone.
9:36 of 1st period - Slapshot by Ross Colton.
9:36 of 1st period - Shot Misses the Net.
10:02 of 1st period - Jonathan Drouin is hit by Radko Gudas and loses puck.
10:19 of 1st period - Minor Penalty to Marcus Pettersson for Hooking.
10:20 of 1st period - Adam Henrique wins face-off versus Charlie Coyle in San Jose Sharks zone.
12:19 of 1st period - Penalty to Marcus Pettersson is over, Marcus Pettersson is back on ice.
12:57 of 1st period - Backhand shot by Kiefer Sherwood.
12:57 of 1st period - Shot Misses the Net.
12:59 of 1st period - Slapshot by Jared Spurgeon.
12:59 of 1st period - Deflect By Ondrej Palat.
12:59 of 1st period - Shot Misses the Net.
12:59 of 1st period - Puck is out of play.
13:00 of 1st period - Christian Dvorak wins face-off versus Mason McTavish in San Jose Sharks zone.
13:54 of 1st period - Matthew Knies is hit by Tyler Seguin and loses puck.
14:29 of 1st period - Sean Durzi is hit by Matt Dumba and loses puck.
15:55 of 1st period - Snap shot by Mason McTavish.
15:55 of 1st period - Shot Blocked by Christopher Tanev.
15:57 of 1st period - Slapshot by Ryan Donato.
15:57 of 1st period - Stopped by Logan Thompson without a rebound.
15:58 of 1st period - Mason McTavish wins face-off versus Christian Dvorak in San Jose Sharks zone.
15:59 of 1st period - Snap shot by Ryan Donato.
15:59 of 1st period - Shot Blocked by Jonathan Drouin.
16:01 of 1st period - Slapshot by Brandon Tanev.
16:01 of 1st period - Shot Misses the Net.
16:03 of 1st period - Wrist shot by Brayden McNabb.
16:03 of 1st period - Shot Misses the Net.
16:05 of 1st period - Slapshot by Brayden McNabb.
16:05 of 1st period - Shot Misses the Net.
16:07 of 1st period - Snap shot by Radko Gudas.
16:07 of 1st period - Stopped by Logan Thompson without a rebound.
16:08 of 1st period - Charlie Coyle wins face-off versus Adam Henrique in San Jose Sharks zone.
16:09 of 1st period - Snap shot by Mats Zuccarello.
16:09 of 1st period - Stopped by Logan Thompson with a rebound.
16:15 of 1st period - Matt Dumba is hit by Adam Henrique and loses puck.
16:34 of 1st period - Connor Murphy is hit by Mason McTavish and loses puck.
17:37 of 1st period - Kevin Fiala is hit by Jani Hakanpaa.
17:47 of 1st period - Mats Zuccarello is hit by Christopher Tanev and loses puck.
18:10 of 1st period - Wrist shot by Mason McTavish.
18:10 of 1st period - Stopped by Logan Thompson with a rebound.
18:12 of 1st period - Slapshot by Mason McTavish.
18:12 of 1st period - Deflect By Ryan Donato.
18:12 of 1st period - Shot Hit the Post.
18:12 of 1st period - Puck is out of play.
18:13 of 1st period - Erik Haula wins face-off versus Max Domi in San Jose Sharks zone.
18:14 of 1st period - Snap shot by Tyler Bertuzzi.
18:14 of 1st period - Stopped by Logan Thompson with a rebound.
18:16 of 1st period - Slapshot by Radko Gudas.
18:16 of 1st period - Shot Blocked by Sean Durzi.
Goals for this period are 0 for Arizona Coyotes vs 2 for San Jose Sharks.
Shots for this period are 12 for Arizona Coyotes vs 7 for San Jose Sharks.
2nd period
0:01 of 2nd period - Charlie Coyle wins face-off versus Adam Henrique in neutral zone.
0:14 of 2nd period - Jared Spurgeon is hit by Adam Henrique and loses puck.
0:18 of 2nd period - Icing by Charlie Coyle.
0:19 of 2nd period - Charlie Coyle wins face-off versus Anthony Mantha in Arizona Coyotes zone.
0:24 of 2nd period - Wrist shot by Mats Zuccarello.
0:24 of 2nd period - Shot Blocked by Christopher Tanev.
0:44 of 2nd period - Tyler Seguin is hit by Adam Henrique and loses puck.
0:49 of 2nd period - Wrist shot by Kevin Fiala.
0:49 of 2nd period - Shot Blocked by Jared Spurgeon.
0:51 of 2nd period - Wrist shot by Yegor Sharangovich.
0:51 of 2nd period - Deflect By Kevin Fiala.
0:51 of 2nd period - Shot Blocked by Jared Spurgeon.
0:51 of 2nd period - Puck is out of play.
0:52 of 2nd period - Mason McTavish wins face-off versus Christian Dvorak in Arizona Coyotes zone.
0:52 of 2nd period - Mason McTavish is hit by Dmitry Orlov.
1:02 of 2nd period - Backhand shot by Mason McTavish.
1:02 of 2nd period - Shot Misses the Net.
1:04 of 2nd period - Wrist shot by Ryan Donato.
1:04 of 2nd period - Stopped by Logan Thompson with a rebound.
1:06 of 2nd period - Slapshot by Brayden McNabb.
1:06 of 2nd period - Stopped by Logan Thompson without a rebound.
1:07 of 2nd period - Adam Henrique wins face-off versus Erik Haula in San Jose Sharks zone.
1:20 of 2nd period - Wrist shot by Yegor Sharangovich.
1:20 of 2nd period - Stopped by Petr Mrazek without a rebound.
1:21 of 2nd period - Christian Dvorak wins face-off versus Mason McTavish in Arizona Coyotes zone.
1:24 of 2nd period - Wrist shot by Anthony Mantha.
1:24 of 2nd period - Stopped by Petr Mrazek with a rebound.
1:32 of 2nd period - Slapshot by Mason McTavish.
1:32 of 2nd period - Stopped by Logan Thompson with a rebound.
1:34 of 2nd period - Snap shot by Ryan Donato.
1:34 of 2nd period - Stopped by Logan Thompson with a rebound.
1:36 of 2nd period - Wrist shot by Jared Spurgeon.
1:36 of 2nd period - Deflect By Mason McTavish.
1:36 of 2nd period - Shot Misses the Net.
1:36 of 2nd period - Puck is out of play.
1:37 of 2nd period - Max Domi wins face-off versus Charlie Coyle in San Jose Sharks zone.
1:37 of 2nd period - Matthew Knies is hit by Radko Gudas and loses puck.
2:02 of 2nd period - Brayden McNabb is hit by Connor Murphy and loses puck.
2:11 of 2nd period - Snap shot by Yegor Sharangovich.
2:11 of 2nd period - Stopped by Petr Mrazek without a rebound.
2:12 of 2nd period - Christian Dvorak wins face-off versus Tyler Seguin in Arizona Coyotes zone.
2:13 of 2nd period - Wrist shot by Jonathan Drouin.
2:13 of 2nd period - Shot Misses the Net.
2:15 of 2nd period - Minor Penalty to Charlie Coyle for Tripping.
2:16 of 2nd period - Max Domi wins face-off versus Ross Colton in Arizona Coyotes zone.
2:41 of 2nd period - Matthew Knies is hit by Radko Gudas and loses puck.
3:10 of 2nd period - Off-side.
3:11 of 2nd period - Adam Henrique wins face-off versus Mason McTavish in neutral zone.
3:20 of 2nd period - Slapshot by Kevin Fiala.
3:20 of 2nd period - Stopped by Petr Mrazek without a rebound.
3:21 of 2nd period - Adam Henrique wins face-off versus Mats Zuccarello in Arizona Coyotes zone.
3:24 of 2nd period - Snap shot by Adam Henrique.
3:24 of 2nd period - Shot Misses the Net.
3:26 of 2nd period - Slapshot by Connor Murphy.
3:26 of 2nd period - Stopped by Petr Mrazek with a rebound.
3:28 of 2nd period - Wrist shot by Yegor Sharangovich.
3:28 of 2nd period - Stopped by Petr Mrazek with a rebound.
3:30 of 2nd period - Wrist shot by Connor Murphy.
3:30 of 2nd period - Shot Blocked by Jared Spurgeon.
3:32 of 2nd period - Slapshot by Kevin Fiala.
3:32 of 2nd period - Shot Misses the Net.
3:34 of 2nd period - Slapshot by Sean Durzi.
3:34 of 2nd period - Stopped by Petr Mrazek with a rebound.
3:36 of 2nd period - Wrist shot by Adam Henrique.
3:36 of 2nd period - Goal by Adam Henrique - Arizona Coyotes : 0 - San Jose Sharks : 3.
3:36 of 2nd period - Elvis Merzlikins enters game.
3:37 of 2nd period - Christian Dvorak wins face-off versus Mason McTavish in neutral zone.
3:52 of 2nd period - Wrist shot by Christian Dvorak.
3:52 of 2nd period - Stopped by Elvis Merzlikins with a rebound.
4:04 of 2nd period - Marcus Pettersson is hit by Mats Zuccarello and loses puck.
4:40 of 2nd period - Slapshot by Mats Zuccarello.
4:40 of 2nd period - Shot Blocked by Sean Durzi.
4:42 of 2nd period - Slapshot by Charlie Coyle.
4:42 of 2nd period - Stopped by Logan Thompson without a rebound.
4:43 of 2nd period - Mason McTavish wins face-off versus Matthew Knies in San Jose Sharks zone.
4:47 of 2nd period - Icing by Dmitry Orlov.
4:48 of 2nd period - Max Domi wins face-off versus Mason McTavish in San Jose Sharks zone.
5:01 of 2nd period - Snap shot by T.J. Oshie.
5:01 of 2nd period - Stopped by Elvis Merzlikins with a rebound.
5:03 of 2nd period - Slapshot by Nick Perbix.
5:03 of 2nd period - Deflect By Ryan Donato.
5:03 of 2nd period - Stopped by Elvis Merzlikins with a rebound.
5:05 of 2nd period - Slapshot by Max Domi.
5:05 of 2nd period - Stopped by Elvis Merzlikins with a rebound.
5:07 of 2nd period - Snap shot by Nick Perbix.
5:07 of 2nd period - Deflect By Radko Gudas.
5:07 of 2nd period - Stopped by Elvis Merzlikins with a rebound.
5:09 of 2nd period - Slapshot by Dmitry Orlov.
5:09 of 2nd period - Shot Blocked by Brayden McNabb.
5:15 of 2nd period - Snap shot by Max Domi.
5:15 of 2nd period - Deflect By Radko Gudas.
5:15 of 2nd period - Shot Blocked by Brayden McNabb.
5:15 of 2nd period - Puck is out of play.
5:16 of 2nd period - Christian Dvorak wins face-off versus Charlie Coyle in Arizona Coyotes zone.
5:41 of 2nd period - Christopher Tanev is hit by Tyler Bertuzzi and loses puck.
5:46 of 2nd period - Wrist shot by Ross Colton.
5:46 of 2nd period - Deflect By Erik Haula.
5:46 of 2nd period - Stopped by Logan Thompson without a rebound.
5:47 of 2nd period - Erik Haula wins face-off versus Adam Henrique in San Jose Sharks zone.
6:17 of 2nd period - Off-side.
6:18 of 2nd period - Christian Dvorak wins face-off versus Mason McTavish in neutral zone.
6:43 of 2nd period - Tyler Seguin is hit by Nick Perbix and loses puck.
6:50 of 2nd period - Wrist shot by Max Domi.
6:50 of 2nd period - Shot Blocked by Jared Spurgeon.
6:52 of 2nd period - Slapshot by T.J. Oshie.
6:52 of 2nd period - Stopped by Elvis Merzlikins without a rebound.
6:53 of 2nd period - Charlie Coyle wins face-off versus Kevin Fiala in Arizona Coyotes zone.
7:06 of 2nd period - Slapshot by Tyler Seguin.
7:06 of 2nd period - Deflect By Mats Zuccarello.
7:06 of 2nd period - Shot Misses the Net.
7:06 of 2nd period - Puck is out of play.
7:07 of 2nd period - Christian Dvorak wins face-off versus Mason McTavish in San Jose Sharks zone.
7:18 of 2nd period - Wrist shot by Mason McTavish.
7:18 of 2nd period - Stopped by Logan Thompson with a rebound.
7:20 of 2nd period - Slapshot by Nick Seeler.
7:20 of 2nd period - Deflect By Ryan Donato.
7:20 of 2nd period - Stopped by Logan Thompson with a rebound.
7:36 of 2nd period - Icing by Nick Seeler.
7:37 of 2nd period - Erik Haula wins face-off versus Adam Henrique in Arizona Coyotes zone.
7:37 of 2nd period - Erik Haula is hit by Kevin Fiala.
8:00 of 2nd period - Minor Penalty to Adam Henrique for High sticking.
8:01 of 2nd period - Christian Dvorak wins face-off versus Charlie Coyle in San Jose Sharks zone.
8:23 of 2nd period - Charlie Coyle is hit by Yegor Sharangovich and loses puck.
8:39 of 2nd period - Off-side.
8:40 of 2nd period - Jonathan Drouin wins face-off versus Mason McTavish in neutral zone.
9:22 of 2nd period - Snap shot by Ryan Donato.
9:22 of 2nd period - Goal by Ryan Donato - Arizona Coyotes : 1 - San Jose Sharks : 3.
9:23 of 2nd period - Charlie Coyle wins face-off versus Max Domi in neutral zone.
9:48 of 2nd period - Radko Gudas is hit by Marcus Pettersson and loses puck.
10:09 of 2nd period - Snap shot by Mason McTavish.
10:09 of 2nd period - Stopped by Logan Thompson without a rebound.
10:10 of 2nd period - Mason McTavish wins face-off versus Yegor Sharangovich in San Jose Sharks zone.
10:42 of 2nd period - Wrist shot by Tyler Seguin.
10:42 of 2nd period - Stopped by Logan Thompson with a rebound.
11:05 of 2nd period - Icing by Max Domi.
11:06 of 2nd period - Mason McTavish wins face-off versus Max Domi in San Jose Sharks zone.
11:39 of 2nd period - Off-side.
11:40 of 2nd period - Ryan Poehling wins face-off versus Mason McTavish in neutral zone.
12:07 of 2nd period - Nick Seeler is hit by Nick Perbix and loses puck.
12:23 of 2nd period - Off-side.
12:24 of 2nd period - Jonathan Drouin wins face-off versus Kiefer Sherwood in neutral zone.
14:08 of 2nd period - Snap shot by Mason McTavish.
14:08 of 2nd period - Stopped by Logan Thompson with a rebound.
14:10 of 2nd period - Snap shot by Ryan Donato.
14:10 of 2nd period - Stopped by Logan Thompson without a rebound.
14:11 of 2nd period - Max Domi wins face-off versus Mason McTavish in San Jose Sharks zone.
14:36 of 2nd period - Christopher Tanev is hit by Mason McTavish.
14:49 of 2nd period - Wrist shot by Matthew Knies.
14:49 of 2nd period - Shot Misses the Net.
15:19 of 2nd period - Wrist shot by Mason McTavish.
15:19 of 2nd period - Stopped by Logan Thompson with a rebound.
15:21 of 2nd period - Slapshot by Radko Gudas.
15:21 of 2nd period - Deflect By Ryan Donato.
15:21 of 2nd period - Shot Misses the Net.
15:21 of 2nd period - Puck is out of play.
15:22 of 2nd period - Adam Henrique wins face-off versus Charlie Coyle in San Jose Sharks zone.
15:51 of 2nd period - Off-side.
15:52 of 2nd period - Erik Haula wins face-off versus Christian Dvorak in neutral zone.
15:57 of 2nd period - Slapshot by Erik Haula.
15:57 of 2nd period - Stopped by Logan Thompson without a rebound.
15:58 of 2nd period - Christian Dvorak wins face-off versus Charlie Coyle in San Jose Sharks zone.
16:11 of 2nd period - Mats Zuccarello is hit by Sean Durzi and loses puck.
16:57 of 2nd period - Snap shot by Mason McTavish.
16:57 of 2nd period - Stopped by Logan Thompson with a rebound.
17:18 of 2nd period - Minor Penalty to Nick Seeler for Interference.
17:19 of 2nd period - Charlie Coyle wins face-off versus Max Domi in Arizona Coyotes zone.
17:33 of 2nd period - Slapshot by Matthew Knies.
17:33 of 2nd period - Shot Misses the Net.
17:35 of 2nd period - Slapshot by Connor Murphy.
17:35 of 2nd period - Shot Blocked by Radko Gudas.
18:07 of 2nd period - Wrist shot by Kevin Fiala.
18:07 of 2nd period - Stopped by Elvis Merzlikins without a rebound.
18:08 of 2nd period - Max Domi wins face-off versus Charlie Coyle in Arizona Coyotes zone.
19:18 of 2nd period - Penalty to Nick Seeler is over, Nick Seeler is back on ice.
19:46 of 2nd period - Kiefer Sherwood is hit by Dmitry Orlov.
19:58 of 2nd period - Slapshot by Jonathan Drouin.
19:58 of 2nd period - Stopped by Elvis Merzlikins with a rebound.
Goals for this period are 1 for Arizona Coyotes vs 1 for San Jose Sharks.
Shots for this period are 16 for Arizona Coyotes vs 16 for San Jose Sharks.
3rd period
0:01 of 3rd period - Christian Dvorak wins face-off versus Charlie Coyle in neutral zone.
0:03 of 3rd period - Off-side.
0:04 of 3rd period - Christian Dvorak wins face-off versus Charlie Coyle in neutral zone.
0:07 of 3rd period - Wrist shot by Christian Dvorak.
0:07 of 3rd period - Stopped by Elvis Merzlikins with a rebound.
0:09 of 3rd period - Slapshot by Anthony Mantha.
0:09 of 3rd period - Shot Blocked by Radko Gudas.
0:36 of 3rd period - Off-side.
0:37 of 3rd period - Christian Dvorak wins face-off versus Mason McTavish in neutral zone.
0:42 of 3rd period - Jani Hakanpaa is hit by Anthony Mantha and loses puck.
0:51 of 3rd period - Wrist shot by Mason McTavish.
0:51 of 3rd period - Shot Misses the Net.
0:53 of 3rd period - Slapshot by Jared Spurgeon.
0:53 of 3rd period - Stopped by Logan Thompson with a rebound.
1:03 of 3rd period - Tyler Seguin is hit by Connor Murphy and loses puck.
1:43 of 3rd period - Minor Penalty to Jack Roslovic for Holding.
1:44 of 3rd period - Mats Zuccarello wins face-off versus Yegor Sharangovich in San Jose Sharks zone.
2:42 of 3rd period - Icing by Jani Hakanpaa.
2:43 of 3rd period - Mason McTavish wins face-off versus Jonathan Drouin in Arizona Coyotes zone.
3:43 of 3rd period - Penalty to Jack Roslovic is over, Jack Roslovic is back on ice.
3:53 of 3rd period - Backhand shot by Erik Haula.
3:53 of 3rd period - Shot Misses the Net.
4:09 of 3rd period - Snap shot by Matthew Knies.
4:09 of 3rd period - Shot Misses the Net.
4:21 of 3rd period - Wrist shot by Ryan Poehling.
4:21 of 3rd period - Shot Hit the Post.
4:35 of 3rd period - Snap shot by Kevin Fiala.
4:35 of 3rd period - Stopped by Elvis Merzlikins with a rebound.
4:37 of 3rd period - Wrist shot by Adam Henrique.
4:37 of 3rd period - Deflect By Kevin Fiala.
4:37 of 3rd period - Shot Blocked by Brandon Tanev.
4:37 of 3rd period - Puck is out of play.
4:38 of 3rd period - Christian Dvorak wins face-off versus Charlie Coyle in Arizona Coyotes zone.
4:41 of 3rd period - Wrist shot by Anthony Mantha.
4:41 of 3rd period - Stopped by Elvis Merzlikins with a rebound.
5:14 of 3rd period - Slapshot by Tyler Bertuzzi.
5:14 of 3rd period - Stopped by Logan Thompson with a rebound.
5:16 of 3rd period - Slapshot by Radko Gudas.
5:16 of 3rd period - Stopped by Logan Thompson with a rebound.
5:44 of 3rd period - Snap shot by Jonathan Drouin.
5:44 of 3rd period - Deflect By Jared Spurgeon.
5:44 of 3rd period - Shot Blocked by Jani Hakanpaa.
5:44 of 3rd period - Puck is out of play.
5:45 of 3rd period - Adam Henrique wins face-off versus Charlie Coyle in Arizona Coyotes zone.
6:10 of 3rd period - Christopher Tanev is hit by Matt Dumba and loses puck.
6:17 of 3rd period - Snap shot by Ryan Donato.
6:17 of 3rd period - Goal by Ryan Donato - Arizona Coyotes : 2 - San Jose Sharks : 3.
6:18 of 3rd period - Charlie Coyle wins face-off versus Adam Henrique in neutral zone.
6:21 of 3rd period - Adam Henrique is hit by Radko Gudas and loses puck.
6:26 of 3rd period - Snap shot by Charlie Coyle.
6:26 of 3rd period - Shot Blocked by Marcus Pettersson.
6:28 of 3rd period - Snap shot by Mats Zuccarello.
6:28 of 3rd period - Goal by Mats Zuccarello - Arizona Coyotes : 3 - San Jose Sharks : 3.
6:29 of 3rd period - Charlie Coyle wins face-off versus Adam Henrique in neutral zone.
7:14 of 3rd period - Snap shot by T.J. Oshie.
7:14 of 3rd period - Stopped by Elvis Merzlikins without a rebound.
7:15 of 3rd period - Max Domi wins face-off versus Erik Haula in Arizona Coyotes zone.
7:40 of 3rd period - Snap shot by Yegor Sharangovich.
7:40 of 3rd period - Shot Misses the Net.
7:44 of 3rd period - Backhand shot by Yegor Sharangovich.
7:44 of 3rd period - Shot Misses the Net.
7:46 of 3rd period - Wrist shot by Adam Henrique.
7:46 of 3rd period - Goal by Adam Henrique - Arizona Coyotes : 3 - San Jose Sharks : 4.
7:47 of 3rd period - Yegor Sharangovich wins face-off versus Charlie Coyle in neutral zone.
7:50 of 3rd period - Mats Zuccarello is hit by Kevin Fiala and loses puck.
8:15 of 3rd period - Snap shot by Max Domi.
8:15 of 3rd period - Deflect By Mats Zuccarello.
8:15 of 3rd period - Shot Blocked by Brayden McNabb.
8:15 of 3rd period - Puck is out of play.
8:16 of 3rd period - Mason McTavish wins face-off versus Max Domi in Arizona Coyotes zone.
8:27 of 3rd period - Connor Murphy is hit by Jani Hakanpaa and loses puck.
8:46 of 3rd period - Slapshot by Tyler Bertuzzi.
8:46 of 3rd period - Stopped by Logan Thompson without a rebound.
8:47 of 3rd period - Erik Haula wins face-off versus Adam Henrique in San Jose Sharks zone.
9:00 of 3rd period - Wrist shot by Tyler Bertuzzi.
9:00 of 3rd period - Stopped by Logan Thompson without a rebound.
9:01 of 3rd period - Charlie Coyle wins face-off versus Christian Dvorak in San Jose Sharks zone.
9:33 of 3rd period - Wrist shot by Adam Henrique.
9:33 of 3rd period - Goal by Adam Henrique - Arizona Coyotes : 3 - San Jose Sharks : 5.
9:34 of 3rd period - Adam Henrique wins face-off versus Mason McTavish in neutral zone.
10:00 of 3rd period - Charlie Coyle is hit by Christian Dvorak and loses puck.
10:29 of 3rd period - Matt Dumba is hit by Sean Durzi and loses puck.
11:09 of 3rd period - Backhand shot by Ryan Donato.
11:09 of 3rd period - Stopped by Logan Thompson without a rebound.
11:10 of 3rd period - Christian Dvorak wins face-off versus Charlie Coyle in San Jose Sharks zone.
11:21 of 3rd period - Snap shot by Jonathan Drouin.
11:21 of 3rd period - Shot Misses the Net.
12:03 of 3rd period - Snap shot by T.J. Oshie.
12:03 of 3rd period - Stopped by Elvis Merzlikins without a rebound.
12:04 of 3rd period - Christian Dvorak wins face-off versus Charlie Coyle in Arizona Coyotes zone.
12:43 of 3rd period - Wrist shot by Adam Henrique.
12:43 of 3rd period - Stopped by Elvis Merzlikins with a rebound.
13:13 of 3rd period - Brayden McNabb is hit by Max Domi and loses puck.
13:27 of 3rd period - Off-side.
13:28 of 3rd period - Christian Dvorak wins face-off versus Mason McTavish in neutral zone.
13:28 of 3rd period - Christian Dvorak is hit by Brandon Tanev.
13:42 of 3rd period - Wrist shot by Mason McTavish.
13:42 of 3rd period - Stopped by Logan Thompson without a rebound.
13:43 of 3rd period - Charlie Coyle wins face-off versus Adam Henrique in San Jose Sharks zone.
13:50 of 3rd period - Slapshot by Mats Zuccarello.
13:50 of 3rd period - Stopped by Logan Thompson with a rebound.
14:10 of 3rd period - Ryan Donato is hit by Matthew Knies and loses puck.
14:43 of 3rd period - Snap shot by Erik Haula.
14:43 of 3rd period - Shot Misses the Net.
14:45 of 3rd period - Slapshot by Tyler Bertuzzi.
14:45 of 3rd period - Stopped by Logan Thompson with a rebound.
15:19 of 3rd period - Slapshot by Sean Durzi.
15:19 of 3rd period - Shot Misses the Net.
15:21 of 3rd period - Slapshot by Sean Durzi.
15:21 of 3rd period - Shot Misses the Net.
15:29 of 3rd period - Snap shot by Yegor Sharangovich.
15:29 of 3rd period - Stopped by Elvis Merzlikins with a rebound.
16:17 of 3rd period - Yegor Sharangovich is hit by Ondrej Palat.
16:21 of 3rd period - Nick Perbix is hit by Ondrej Palat and loses puck.
16:40 of 3rd period - Snap shot by Eeli Tolvanen.
16:40 of 3rd period - Stopped by Elvis Merzlikins with a rebound.
16:42 of 3rd period - Slapshot by Nick Perbix.
16:42 of 3rd period - Shot Misses the Net.
16:44 of 3rd period - Snap shot by Jack Roslovic.
16:44 of 3rd period - Shot Misses the Net.
16:46 of 3rd period - Slapshot by Dmitry Orlov.
16:46 of 3rd period - Shot Misses the Net.
16:48 of 3rd period - Snap shot by Nick Perbix.
16:48 of 3rd period - Stopped by Elvis Merzlikins without a rebound.
16:49 of 3rd period - Erik Haula wins face-off versus Max Domi in Arizona Coyotes zone.
16:58 of 3rd period - Snap shot by Tyler Bertuzzi.
16:58 of 3rd period - Stopped by Logan Thompson with a rebound.
17:12 of 3rd period - Minor Penalty to Tyler Bertuzzi for Tripping.
17:13 of 3rd period - Adam Henrique wins face-off versus Charlie Coyle in Arizona Coyotes zone.
17:38 of 3rd period - Mats Zuccarello is hit by Christopher Tanev and loses puck.
18:11 of 3rd period - Connor Murphy is hit by Mason McTavish.
18:24 of 3rd period - Icing by Sean Durzi.
18:25 of 3rd period - Charlie Coyle wins face-off versus Max Domi in San Jose Sharks zone.
18:28 of 3rd period - Snap shot by Tyler Seguin.
18:28 of 3rd period - Stopped by Logan Thompson without a rebound.
18:29 of 3rd period - Adam Henrique wins face-off versus Charlie Coyle in San Jose Sharks zone.
18:38 of 3rd period - Snap shot by Tyler Seguin.
18:38 of 3rd period - Shot Blocked by Christopher Tanev.
18:40 of 3rd period - Wrist shot by Charlie Coyle.
18:40 of 3rd period - Shot Hit the Post.
18:42 of 3rd period - Slapshot by Brayden McNabb.
18:42 of 3rd period - Stopped by Logan Thompson with a rebound.
18:54 of 3rd period - Mason McTavish is hit by Matthew Knies and loses puck.
19:12 of 3rd period - Penalty to Tyler Bertuzzi is over, Tyler Bertuzzi is back on ice.
19:29 of 3rd period - Snap shot by Tyler Seguin.
19:29 of 3rd period - Goal by Tyler Seguin - Arizona Coyotes : 4 - San Jose Sharks : 5.
19:30 of 3rd period - Charlie Coyle wins face-off versus Jonathan Drouin in neutral zone.
19:33 of 3rd period - Arizona Coyotes, Elvis Merzlikins is pulled from the net.
Goals for this period are 3 for Arizona Coyotes vs 2 for San Jose Sharks.
Shots for this period are 15 for Arizona Coyotes vs 11 for San Jose Sharks.
Back to the Top